[Event "*** Titled Tuesday Blitz"]
[Site "Chess.com"]
[Date "2021.03.02"]
[Round "4"]
[White "PakMaster"]
[Black "organdzievhren"]
[Result "0-1"]
[WhiteElo "2250"]
[BlackElo "2435"]
[TimeControl "180+1"]
[EndTime "10:38:40 PST"]
[Termination "organdzievhren won on time"]

1. d4 d5 2. c4 Bf5 3. Nc3 e6 4.
cxd5 exd5 5. Qb3 Nc6 6. e4 dxe4 7. Bc4 Nxd4 8. Qa4+ c6 9. Be3 b5 10. Nxb5 cxb5 11.
Bxb5+ Nxb5 12. Qxb5+ Qd7 13. Qe5+ Be7 14. Rd1 Qe6 15.
Qb5+ Kf8 16. Ne2 Rd8 17. Nd4 Rxd4 18. Rxd4 f6 19. Qb8+ Kf7 20. O-O Qe5 21. Qxa7 Nh6 22. Bxh6 gxh6 23. Rfd1 Rc8 24. g3 e3 25. fxe3 Qxe3+ 26.
Kf1 Rc2 0-1

[Event "*** Titled Tuesday Blitz"]
[Site "Chess.com"]
[Date "2021.03.02"]
[Round "4"]
[White "Mazetovic"]
[Black "GOGIEFF"]
[Result "0-1"]
[WhiteElo "2726"]
[BlackElo "2901"]
[TimeControl "180+1"]
[EndTime "10:38:42 PST"]
[Termination "GOGIEFF won by checkmate"]

1. e4 c5 2. Nf3 e6 3. c4 Nc6 4. Nc3 Nd4 5. Nxd4 cxd4 6. Ne2 Bc5 7.
Ng3 Ne7 8. Bd3 O-O 9. Bc2 a6 10.
O-O b5 11. cxb5 axb5 12. d3 d5 13. Bb3 Bb7 14. e5 Qb6 15. Qg4 b4 16. h4 Kh8 17.
Nh5 Nf5 18. Bg5 h6 19. Bf4 Rg8 20. Rac1 Be7 21. g3 Rac8 22. Rxc8 Rxc8 23. Qe2 Ba6 24. Qd2 Kh7 25. Bd1 Qc6 26. Be2 Qa4 27. b3 Qe8 28.
Bg4 Rc3 29. Bxf5+ exf5 30. e6 fxe6 31. Re1 Qxh5 32. Rxe6 Rxd3 33. Qc2 Rd1+ 34. Kg2 Bd3 35. Qc7 Be4+ 36. Kh2 Rh1# 0-1

[Event "*** Titled Tuesday Blitz"]
[Site "Chess.com"]
[Date "2021.03.02"]
[Round "4"]
[White "dodorox"]
[Black "kidagent"]
[Result "0-1"]
[WhiteElo "2155"]
[BlackElo "2318"]
[TimeControl "180+1"]
[EndTime "10:38:44 PST"]
[Termination "kidagent won on time"]

1. d4 d5 2. c4 c6 3. cxd5 cxd5 4. Nc3 Nf6 5. Bf4 a6 6. e3 Nc6 7. Bd3 e6 8. Nf3 Bd6 9. Bxd6 Qxd6 10. O-O O-O 11.
Qe2 b5 12. a4 b4 13. Na2 a5 14. Nc1 Bb7 15. Nb3 Rae8 16. Rfc1 Ne4 17. Bxe4 dxe4 18. Nfd2 f5 19. Rc5 e5 20. Nc4 Qg6 21. Nxe5 Nxe5 22. dxe5 f4 23. exf4 Rxf4 24. Nxa5 Ba8 25. Qe3 Rf3 26. Qe2 e3 27. g3 exf2+ 28. Kf1 Be4 29.
Rd1 Ref8 30. Qc4+ Kh8 31. Rc8 Qg4 32. Rxf8+ Rxf8 0-1

[Event "*** Titled Tuesday Blitz"]
[Site "Chess.com"]
[Date "2021.03.02"]
[Round "4"]
[White "Evachess2006"]
[Black "Arvids_Andrejevs"]
[Result "0-1"]
[WhiteElo "1602"]
[BlackElo "2366"]
[TimeControl "180+1"]
[EndTime "10:38:45 PST"]
[Termination "Arvids_Andrejevs won on time"]

1. e4 e5 2. Nf3 Nc6 3. Bc4 Nf6 4. d3 Be7 5. O-O O-O 6. Bg5 d6 7. Nc3 Bg4 8. h3 Bh5 9. Bxf6 Bxf6 10. Kh1 Be7 11.
Nd5 Kh8 12. c3 a6 13. Ne3 Na5 14. b4 Nxc4 15. Nxc4 Bg5 16. Ne3 Bxe3 17. fxe3 Qd7 18. Qe2 Rae8 19. Qf2 Bxf3 20. Qxf3 Re6 21. Qf5 g6 22.
Qg4 d5 23. exd5 Qxd5 24. Qc4 Qxc4 25. dxc4 Rc6 26. c5 b6 27. cxb6 cxb6 28. Rac1 b5 29. e4 Kg7 30. Rf3 Rfc8 31. Rd3 f5 32.
Kg1 fxe4 33. Re3 Rc4 34. Kf2 Rxb4 35. cxb4 Rxc1 36. Rxe4 Rc4 37. Rxe5 Rxb4 38. Re7+ Kf6 39. Rxh7 Rb2+ 0-1

[Event "*** Titled Tuesday Blitz"]
[Site "Chess.com"]
[Date "2021.03.02"]
[Round "4"]
[White "krzyzan94"]
[Black "Gusarov91"]
[Result "1-0"]
[WhiteElo "2720"]
[BlackElo "2516"]
[TimeControl "180+1"]
[EndTime "10:38:48 PST"]
[Termination "krzyzan94 won by resignation"]

1. c4 Nf6 2. g3 c5 3. Bg2 g6 4. Nc3 Bg7 5. e3 O-O 6. Nge2 d6 7. O-O Nc6 8. d4 cxd4 9. exd4 Bd7 10. b3 Qc8 11. Nf4 Re8 12. Bb2 Bg4 13. Qd2 Bh6 14. d5 Ne5 15. f3 Bd7 16. Kh1 Nh5 17. Nce2 Nxf4 18. gxf4 f6 19. Qd4 Nf7 20. Ng3 Bh3 21.
Rae1 Bxg2+ 22. Kxg2 Bg7 23. Re6 Nd8 24. Re2 b6 25.
Rfe1 Kf7 26. Ne4 Nb7 27. Ng5+ Kg8 28. Rxe7 Rxe7 29. Rxe7 Bh8 30. Rxh7 Qf5 31. Rxb7 Re8 32. Ne6 Qc2+ 33. Kg3 Qf5 34. Qe4 Qh5 35. f5 gxf5 36. Qf4 Qg6+ 37. Kf2 Qh5 38. Qg3+ 1-0

[Event "*** Titled Tuesday Blitz"]
[Site "Chess.com"]
[Date "2021.03.02"]
[Round "4"]
[White "GoltsevDmitry2000"]
[Black "eldur16"]
[Result "0-1"]
[WhiteElo "2733"]
[BlackElo "2542"]
[TimeControl "180+1"]
[EndTime "10:38:49 PST"]
[Termination "eldur16 won by resignation"]

1. e4 Nf6 2. e5 Nd5 3. d4 d6 4. c4 Nb6 5. exd6 cxd6 6. Nc3 g6 7. Nf3 Bg7 8. h3 O-O 9. Be3 e5 10. dxe5 dxe5 11. Nb5 Nc6 12. Be2 e4 13. Nfd4 Ne5 14. c5 Nd5 15. O-O Nxe3 16. fxe3 Qg5 17. Kh1 Qxe3 18.
Nd6 Bxh3 19. gxh3 Qxh3+ 20. Kg1 Qg3+ 21. Kh1 Nd3 22. N4f5 gxf5 23. Nxf5 Nf2+ 24. Rxf2 Qxf2 25. Bg4 Be5 26. Qg1 Qxg1+ 27. Rxg1 Kh8 28. Nh6 Bg7 29.
Nf5 Bxb2 30. Nd6 Be5 31. Nxb7 f5 32. Be2 f4 33. c6 f3 34. Bc4 e3 35. Nc5 e2 36.
Rb1 Bg3 37. Nd3 Rae8 38. Bd5 f2 39. Kg2 f1=Q+ 0-1

[Event "*** Titled Tuesday Blitz"]
[Site "Chess.com"]
[Date "2021.03.02"]
[Round "4"]
[White "bylavochka"]
[Black "Chopper1905"]
[Result "0-1"]
[WhiteElo "2192"]
[BlackElo "2935"]
[TimeControl "180+1"]
[EndTime "10:38:49 PST"]
[Termination "Chopper1905 won by checkmate"]

1. e4 e5 2. Nf3 Nc6 3. Bc4 Bc5 4. d3 Nf6 5. c3 d6 6. a4 a6 7. O-O Ba7 8. Re1 h6 9. Be3 Bxe3 10. fxe3 O-O 11.
Nbd2 Ne7 12. Nf1 c6 13. Ng3 d5 14. exd5 cxd5 15. Ba2 Ng6 16. d4 e4 17. Ne5 Be6 18.
Nxg6 fxg6 19. Ne2 g5 20. Ng3 Qd6 21. Rf1 Ng4 22. Qe2 h5 23. h3 Qxg3 24. hxg4 h4 25. Rxf8+ Rxf8 26. Qe1 Qxg4 27. c4 h3 28. Qd2 Rf3 29.
Rf1 Rxf1+ 30. Kxf1 h2 31. cxd5 h1=Q+ 32. Kf2 Qgxg2# 0-1

[Event "*** Titled Tuesday Blitz"]
[Site "Chess.com"]
[Date "2021.03.02"]
[Round "4"]
[White "politeplayer"]
[Black "MalyDominator"]
[Result "0-1"]
[WhiteElo "2235"]
[BlackElo "2488"]
[TimeControl "180+1"]
[EndTime "10:38:49 PST"]
[Termination "MalyDominator won on time"]

1. e4 c5 2. Nf3 d6 3. d4 cxd4 4. Nxd4 Nf6 5. Nc3 Nc6 6. Bg5 e6 7. Qd2 a6 8. O-O-O Bd7 9. f3 Be7 10. h4 h6 11. Be3 h5 12. Nb3 Qc7 13. Kb1 b5 14. Ne2 a5 15. Ned4 Nxd4 16. Nxd4 Qb7 17. Bd3 b4 18. Qe2 a4 19. Bb5 a3 20. Bxd7+ Nxd7 21. Qb5 Rb8 22. Qxb7 Rxb7 23. Nc6 Nc5 24. e5 Na4 25. exd6 Bf6 26. Bd4 Nxb2 27. Bxf6 gxf6 28. Rd4 Kd7 29. Nxb4 Rhb8 30. c3 Rb6 0-1

[Event "*** Titled Tuesday Blitz"]
[Site "Chess.com"]
[Date "2021.03.02"]
[Round "4"]
[White "HouseOfDurin"]
[Black "KubaGepard"]
[Result "1-0"]
[WhiteElo "2180"]
[BlackElo "2389"]
[TimeControl "180+1"]
[EndTime "10:38:49 PST"]
[Termination "HouseOfDurin won by resignation"]

1. d4 d5 2. Bg5 f6 3. Bh4 Nc6 4. e3 Nh6 5. f3 Nf7 6. c4 e5 7. dxe5 Bb4+ 8. Nc3 d4 9. exd4 Qxd4 10. Qxd4 Nxd4 11.
O-O-O Nf5 12. Nd5 Nxh4 13. Nxc7+ Ke7 14. exf6+ Kxf6 15. Nd5+ Kg6 16. Bd3+ Bf5 17. Nxb4 Ne5 18. g3 Bxd3 19. Nxd3 Nxd3+ 20. Rxd3 Nf5 21. Ne2 Rac8 22.
Nf4+ Kf6 23. b3 b5 24. Re1 bxc4 25. Re6+ Kf7 26. Rd7+ Kf8 27. bxc4 Rxc4+ 28. Kb2 Rc8 29. Rxa7 g6 30. Rf6+ Kg8 31. Ne6 Rb8+ 32. Ka3 Re8 33. g4 Rxe6 34. Rxe6 Ng7 35. Ree7 h5 36. Rxg7+ Kf8 37.
Rgb7 1-0

[Event "*** Titled Tuesday Blitz"]
[Site "Chess.com"]
[Date "2021.03.02"]
[Round "4"]
[White "Nozdrachev_Leonid"]
[Black "dropstoneDP"]
[Result "0-1"]
[WhiteElo "2552"]
[BlackElo "2981"]
[TimeControl "180+1"]
[EndTime "10:38:50 PST"]
[Termination "dropstoneDP won by resignation"]

1. e4 c6 2. d4 d5 3. Nc3 dxe4 4. Nxe4 Bf5 5. Ng3 Bg6 6. h4 h6 7. Nf3 Nd7 8. h5 Bh7 9. Bd3 Bxd3 10. Qxd3 e6 11. Bd2 Ngf6 12. O-O-O Be7 13. Kb1 O-O 14. Ne4 Nxe4 15. Qxe4 Nf6 16. Qe2 Qd5 17. Be3 b5 18.
Ne5 c5 19. Qxb5 Rfc8 20. g4 Rab8 21. Qc4 Qb7 22. Qb3 Qa8 23. Qd3 Nd5 24. dxc5 Qb7 25. b3 Bxc5 26. Bxc5 Rxc5 27. c4 Nb4 28. Qe3 Nxa2 29.
Rd7 Qxh1+ 30. Kxa2 Ra5+ 31. Kb2 Qa1+ 32. Kc2 Ra2+ 33.
Kd3 Rxb3+ 0-1

[Event "*** Titled Tuesday Blitz"]
[Site "Chess.com"]
[Date "2021.03.02"]
[Round "4"]
[White "konradrutkowski"]
[Black "sara_khm"]
[Result "0-1"]
[WhiteElo "2389"]
[BlackElo "2605"]
[TimeControl "180+1"]
[EndTime "10:38:51 PST"]
[Termination "sara_khm won by checkmate"]

1. e4 e5 2. Nf3 Nc6 3. Bb5 a6 4. Ba4 Nf6 5. O-O b5 6. Bb3 Bc5 7. Nxe5 Nxe5 8. d4 Bxd4 9. Qxd4 d6 10. Qe3 Bb7 11. f4 Ng6 12. Nc3 O-O 13. Qg3 b4 14. f5 Ne5 15. Bh6 Nh5 16. Qh3 bxc3 17. Qxh5 gxh6 18.
f6 Kh8 19. Qxh6 Rg8 20. Rf4 Rg6 21. Qh5 cxb2 22. Raf1 Qg8 23. g3 c5 24. Qd1 c4 25. Qxd6 cxb3 26. Qxe5 bxc2 27. Qxb2 Rxg3+ 28. hxg3 Qxg3+ 29. Kh1 Rg8 30. R4f2 Qh3+ 31. Rh2 Qxf1# 0-1

[Event "*** Titled Tuesday Blitz"]
[Site "Chess.com"]
[Date "2021.03.02"]
[Round "4"]
[White "ruvat"]
[Black "esteban062000"]
[Result "1-0"]
[WhiteElo "2329"]
[BlackElo "2165"]
[TimeControl "180+1"]
[EndTime "10:38:51 PST"]
[Termination "ruvat won by resignation"]

1. d4 Nf6 2. c4 e6 3. g3 Bb4+ 4.
Bd2 Be7 5. Nf3 d5 6. Bg2 O-O 7. Qc2 c5 8. dxc5 Nc6 9. O-O a5 10. cxd5 Nxd5 11. a3 Bd7 12. Rd1 b6 13. e4 Nf6 14.
cxb6 Qxb6 15. Be3 Qb7 16. h3 Rac8 17. Nc3 Rfd8 18. Rac1 a4 19. Qe2 Na5 20. Nd4 Nc4 21.
e5 Nd5 22. Nxd5 exd5 23. Rxc4 Rxc4 24. Qxc4 Qxb2 25. Bxd5 Bxh3 26. Bxf7+ Kh8 27. Bd5 Qxa3 28. Nc6 Rc8 29. Qe4 Bc5 30. Bxc5 Qxc5 31. e6 a3 32. e7 Re8 33. Bf7 1-0

[Event "*** Titled Tuesday Blitz"]
[Site "Chess.com"]
[Date "2021.03.02"]
[Round "4"]
[White "oogee"]
[Black "Shield12"]
[Result "1-0"]
[WhiteElo "2381"]
[BlackElo "2817"]
[TimeControl "180+1"]
[EndTime "10:38:52 PST"]
[Termination "oogee won on time"]

1. d4 g6 2. c4 d6 3. Nc3 Bg7 4. Nf3 c5 5. e4 cxd4 6. Nxd4 Nc6 7. Be3 Nf6 8. Be2 O-O 9. f3 Nxd4 10. Bxd4 Bd7 11.
O-O Rc8 12. Bxa7 b6 13. Qd4 Rc6 14. b4 Be6 15. Qf2 Nd7 16. Rac1 Bxc3 17. Rxc3 Qc7 18. f4 f6 19. f5 Bf7 20. Qh4 g5 21. Qh6 Kh8 22.
Rh3 Bg8 23. Bh5 g4 24. Rh4 Qxa7 25. Rxg4 b5+ 26. c5 1-0

[Event "*** Titled Tuesday Blitz"]
[Site "Chess.com"]
[Date "2021.03.02"]
[Round "4"]
[White "howitzer14"]
[Black "azikom"]
[Result "1-0"]
[WhiteElo "2998"]
[BlackElo "2683"]
[TimeControl "180+1"]
[EndTime "10:38:54 PST"]
[Termination "howitzer14 won on time"]

1. d4 d5 2. c4 c6 3. Nf3 Nf6 4. Nc3 dxc4 5. a4 Bf5 6. Ne5 e6 7. f3 c5 8. e4 Bg6 9. Be3 cxd4 10. Qxd4 Qxd4 11. Bxd4 Nfd7 12. Nxd7 Nxd7 13. Bxc4 Rc8 14.
Ba2 a6 15. h4 h6 16. Kf2 Rg8 17. h5 Bh7 18. Rac1 Bb4 19. Ne2 Ke7 20. Rxc8 Rxc8 21. Bxg7 Rc2 22. Rc1 Bc5+ 23. Kf1 Rxc1+ 24. Nxc1 Be3 25.
Nd3 f6 26. Ke2 Bg5 27. f4 Bh4 28. Kf3 Kf7 29. Bxh6 1-0

[Event "*** Titled Tuesday Blitz"]
[Site "Chess.com"]
[Date "2021.03.02"]
[Round "4"]
[White "PavelShkapenko"]
[Black "SARGISMV"]
[Result "1-0"]
[WhiteElo "2694"]
[BlackElo "2460"]
[TimeControl "180+1"]
[EndTime "10:38:54 PST"]
[Termination "PavelShkapenko won by resignation"]

1. e4 e6 2. d4 d5 3. exd5 exd5 4. Nf3 Bd6 5. c4 dxc4 6. Bxc4 Nf6 7. O-O O-O 8. Nc3 Nc6 9. h3 h6 10. Qc2 Nb4 11. Qb1 c6 12. Bxh6 gxh6 13. Qg6+ Kh8 14. Qxh6+ Nh7 15. Ne4 Be7 16. Ne5 Nd5 17. Bd3 Bf5 18.
Qh5 Bxe4 19. Bxe4 Nf6 20. Nxf7+ Rxf7 21. Qxf7 Nxe4 22. Rfe1 Qxd4 23. Qxe7 Qxf2+ 24. Kh1 Nhg5 25. Qe5+ Qf6 26. Rxe4 Nxe4 27. Qxe4 Rg8 28. Re1 Qxb2 29. Qh4+ Kg7 30. Qg5+ Kh7 31. Qh5+ Kg7 32. Re7+ Kf6 33. Qf7+ Kg5 34. Qxg8+ 1-0

[Event "*** Titled Tuesday Blitz"]
[Site "Chess.com"]
[Date "2021.03.02"]
[Round "4"]
[White "kubal123"]
[Black "igorcadilhac"]
[Result "0-1"]
[WhiteElo "2211"]
[BlackElo "2412"]
[TimeControl "180+1"]
[EndTime "10:38:56 PST"]
[Termination "igorcadilhac won by resignation"]

1. d4 d5 2. Bf4 e6 3. e3 Bd6 4. Bg3 Nf6 5. Nf3 Ne4 6. Bd3 f5 7. Bh4 Qd7 8. Ne5 Bxe5 9. dxe5 Nc6 10. f4 g5 11. Bxe4 gxh4 12. Bd3 Qf7 13. Nd2 Rg8 14. Qe2 Qg6 15. O-O-O Bd7 16. Nf3 Qg4 17. h3 Qg3 18. Qe1 O-O-O 19. Nxh4 Be8 20. Qxg3 Rxg3 21. Kd2 Bh5 22.
Rde1 d4 23. e4 fxe4 24. Bxe4 Rf8 25. Rhf1 Ne7 26. Bxh7 Nd5 27. f5 Ne3 28. Rf2 Rg7 29.
Bg6 Bxg6 30. Nxg6 Rxg6 31. fxg6 Rxf2+ 32. Kd3 Rxg2 33. c3 c5 34. cxd4 cxd4 35. Rc1+ Kd7 36. Kxd4 Nf5+ 37. Ke4 Rxg6 38. Rd1+ Ke7 39. Rc1 Kd7 40.
Rd1+ Kc7 41. Rc1+ Kb6 42. Rh1 Ng3+ 0-1

[Event "*** Titled Tuesday Blitz"]
[Site "Chess.com"]
[Date "2021.03.02"]
[Round "4"]
[White "Manukyan_Artak"]
[Black "Mikedannnn"]
[Result "1/2-1/2"]
[WhiteElo "2345"]
[BlackElo "2570"]
[TimeControl "180+1"]
[EndTime "10:38:59 PST"]
[Termination "Game drawn by repetition"]

1. e4 c5 2. Nf3 e6 3. c3 Nf6 4. e5 Nd5 5. d4 cxd4 6. cxd4 b6 7. Nc3 Bb7 8. Bd3 Na6 9. Nxd5 Bxd5 10. O-O Nb4 11.
Bb1 Be7 12. a3 Nc6 13. Re1 b5 14. Qd3 Qb6 15. Be3 Qb7 16. Nd2 Na5 17. f3 Nc4 18.
Nxc4 bxc4 19. Qc2 Rb8 20. Bc1 Qb6 21. Rd1 g5 22. Ba2 Rc8 23. Be3 h5 24. Rac1 g4 25. f4 h4 26. Rb1 h3 27. g3 Qb7 28. Qf2 Bf3 29. Rd2 Be4 30. Rc1 O-O 31. Bb1 Bxb1 32. Rxb1 c3 33. Rc2 Qe4 34. bxc3 Rxc3 35. Rxc3 Qxb1+ 36. Rc1 Qd3 37. Qd2 Qe4 38. Qe2 Bxa3 39. Qxg4+ Kh8 40. Qxh3+ Kg8 41. Qg4+ Kh8 42. Qh5+ Kg8 43.
Qg5+ Kh8 44. Qh6+ Kg8 45. Qg5+ Kh8 46. Qh6+ Kg8 47. Qg5+ 1/2-1/2

[Event "*** Titled Tuesday Blitz"]
[Site "Chess.com"]
[Date "2021.03.02"]
[Round "4"]
[White "C_K_G"]
[Black "kekic76"]
[Result "1-0"]
[WhiteElo "2014"]
[BlackElo "2359"]
[TimeControl "180+1"]
[EndTime "10:38:59 PST"]
[Termination "C_K_G won on time"]

1. e4 c5 2. Nf3 e6 3. c3 d5 4. e5 Qb6 5. d4 Bd7 6. Bd3 Bb5 7. O-O Nc6 8. Re1 Rc8 9. Bc2 a5 10.
a4 Ba6 11. Nbd2 cxd4 12. cxd4 Nxd4 13. Nxd4 Qxd4 14. Nf3 Qxd1 15. Bxd1 Bb4 16. Bd2 Bxd2 17. Nxd2 Ne7 18. Nb3 b6 19. Be2 Bxe2 20. Rxe2 Nc6 21.
f4 g6 22. g4 h5 23. h3 hxg4 24. hxg4 Rh3 25. Ra3 Kd7 26. Nc5+ bxc5 27. Rxh3 c4 28. Rh7 Ke7 29. f5 gxf5 30. gxf5 exf5 31. e6 Nd4 32. Rxf7+ Kd6 33. Rd7+ Kc6 34. Rg2 1-0

[Event "*** Titled Tuesday Blitz"]
[Site "Chess.com"]
[Date "2021.03.02"]
[Round "4"]
[White "LuisFSiles"]
[Black "mbachez"]
[Result "0-1"]
[WhiteElo "2296"]
[BlackElo "2466"]
[TimeControl "180+1"]
[EndTime "10:39:00 PST"]
[Termination "mbachez won by checkmate"]

1. d4 Nf6 2. c4 g6 3. Nc3 Bg7 4. e4 d6 5. Nf3 O-O 6. Be2 e5 7. O-O Bg4 8. d5 Bxf3 9. Bxf3 a5 10. Be3 Na6 11. a3 Nd7 12. g4 Bf6 13. Qd2 Nac5 14.
Rad1 a4 15. Nb5 Kh8 16. Kh1 Rg8 17. g5 Nb3 18. Qd3 Ndc5 19. Qe2 Bxg5 20. Bxg5 Qxg5 21. Nxc7 Raf8 22. Nb5 Qe7 23. Rg1 f5 24. exf5 gxf5 25. Rxg8+ Rxg8 26. Rg1 Rxg1+ 27. Kxg1 e4 28. Bg2 Nd3 29. Qh5 e3 30. Qxf5 exf2+ 31. Kf1 Nd2# 0-1

[Event "*** Titled Tuesday Blitz"]
[Site "Chess.com"]
[Date "2021.03.02"]
[Round "4"]
[White "Aleksey_Sorokin"]
[Black "NikolaGry"]
[Result "1-0"]
[WhiteElo "2778"]
[BlackElo "2605"]
[TimeControl "180+1"]
[EndTime "10:39:01 PST"]
[Termination "Aleksey_Sorokin won by resignation"]

1. d4 g6 2. c4 Bg7 3. Nf3 c5 4. d5 Qa5+ 5. Bd2 Qb6 6. Nc3 Nf6 7. e4 d6 8. Bd3 Bg4 9. O-O O-O 10. Rb1 Nbd7 11. Be2 Bxf3 12. Bxf3 a6 13. Be2 Ne8 14. Re1 Nc7 15. Bf1 Qa7 16. a3 Rfb8 17. b4 b5 18. bxc5 Qxc5 19. Rb4 a5 20. Be3 Bxc3 21. Bxc5 Nxc5 22. Rb1 Bxe1 23. Qxe1 b4 24. axb4 axb4 25.
Rxb4 f6 26. Rxb8+ Rxb8 27. f4 e5 28. dxe6 N7xe6 29. e5 dxe5 30. fxe5 f5 31. h3 f4 32.
Be2 Nd4 33. Qf2 Rb1+ 34. Kh2 Nce6 35. Bg4 h5 36. Bxe6+ Nxe6 37. Qc2 1-0

[Event "*** Titled Tuesday Blitz"]
[Site "Chess.com"]
[Date "2021.03.02"]
[Round "4"]
[White "Oligan22"]
[Black "tjychess"]
[Result "1/2-1/2"]
[WhiteElo "2533"]
[BlackElo "2733"]
[TimeControl "180+1"]
[EndTime "10:39:03 PST"]
[Termination "Game drawn by repetition"]

1. e4 e5 2. Nf3 Nc6 3. Nc3 Nf6 4. a3 d6 5. d4 exd4 6. Nxd4 g6 7. Bg5 h6 8. Bh4 g5 9. Bg3 Bg7 10. Bb5 Bd7 11.
Bxc6 bxc6 12. h3 O-O 13. O-O Re8 14. Qd3 Nh5 15. Bh2 Qf6 16. Nf5 Bxf5 17. exf5 Rab8 18. Rab1 Nf4 19. Bxf4 gxf4 20. Ne2 Re5 21. Nxf4 Rxf5 22.
Ne2 Rd5 23. Qa6 Rd2 24. Ng3 Rxc2 25. Qxa7 Rbxb2 26. Rxb2 Qxb2 27. Qxc7 Be5 28. Qc8+ Kh7 29. Qf5+ Kg8 30. Nh5 Rc1 31. Qc8+ Kh7 32. Qf5+ Kg8 33. Qc8+ Kh7 34. Qf5+ Kg8 1/2-1/2

[Event "*** Titled Tuesday Blitz"]
[Site "Chess.com"]
[Date "2021.03.02"]
[Round "4"]
[White "GMaka"]
[Black "rychessmaster1"]
[Result "1-0"]
[WhiteElo "2454"]
[BlackElo "2604"]
[TimeControl "180+1"]
[EndTime "10:39:04 PST"]
[Termination "GMaka won by resignation"]

1. d4 Nf6 2. Bg5 Ne4 3. Bf4 d5 4.
e3 Nc6 5. Bd3 Bf5 6. Nd2 e6 7.
Nxe4 Bxe4 8. Bxe4 dxe4 9. c3 Bd6 10. Qg4 Bxf4 11. Qxg7 Ke7 12. exf4 Qd5 13. Qg5+ Qxg5 14.
fxg5 Rag8 15. f4 h6 16. Nh3 hxg5 17. fxg5 e5 18. d5 Nb8 19. O-O Nd7 20. Rae1 Rh4 21.
Rf5 Rg6 22. Nf2 Nc5 23. b4 Nd3 24. Rxe4 Rxe4 25. Nxe4 Ra6 26. h4 Rxa2 27. h5 Kf8 28.
g6 Ra1+ 29. Kh2 Nf4 30. Rxf7+ Ke8 31. Nf6+ Kd8 32. g7 1-0

[Event "*** Titled Tuesday Blitz"]
[Site "Chess.com"]
[Date "2021.03.02"]
[Round "4"]
[White "Zhigalko_Sergei"]
[Black "Lagmantr"]
[Result "0-1"]
[WhiteElo "2903"]
[BlackElo "2746"]
[TimeControl "180+1"]
[EndTime "10:39:05 PST"]
[Termination "Lagmantr won by resignation"]

1. e4 c5 2. Nf3 d6 3. d4 cxd4 4. Qxd4 Nc6 5. Bb5 a6 6. Bxc6+ bxc6 7. c4 e5 8. Qd3 Ne7 9. O-O Ng6 10. Nc3 Be7 11.
Rd1 O-O 12. h3 f5 13. Be3 Kh8 14. Rac1 Be6 15. exf5 Bxf5 16. Qe2 Qc8 17. Nh2 Qe6 18. g4 Nh4 19. gxf5 Rxf5 20. Ne4 Raf8 21. Ng3 Nf3+ 22. Kg2 R5f7 23. Nxf3 Rxf3 24. Rc3 h5 25. Bd2 e4 26. Re1 Rxf2+ 27. Qxf2 Rxf2+ 28. Kxf2 d5 29. cxd5 cxd5 30. Kg2 h4 31. Ne2 Qg6+ 32. Kh1 Bf6 33. Rc8+ Kh7 34. Nf4 Qf5 35. Rc6 Be5 36. Rf1 Bxf4 37. Rxf4 Qxh3+ 38. Kg1 Qg3+ 39. Kf1 e3 40. Bxe3 Qxe3 41. Rxh4+ Kg8 42. Rc8+ Kf7 43. Rhh8 d4 44. Rhf8+ Kg6 45. Rc6+ Kh7 46. Rd8 Qf3+ 0-1

[Event "*** Titled Tuesday Blitz"]
[Site "Chess.com"]
[Date "2021.03.02"]
[Round "4"]
[White "GarciaIsaac"]
[Black "northridgehawk"]
[Result "1-0"]
[WhiteElo "2573"]
[BlackElo "2346"]
[TimeControl "180+1"]
[EndTime "10:39:05 PST"]
[Termination "GarciaIsaac won by resignation"]

1. Nf3 Nf6 2. g3 g6 3. Bg2 Bg7 4. O-O O-O 5. d4 d5 6. c4 dxc4 7. Na3 c3 8. bxc3 c5 9. Nc4 Nc6 10. Ba3 Ne4 11. Qc2 Bf5 12. g4 Nd6 13. gxf5 Nxc4 14.
Bxc5 b6 15. fxg6 bxc5 16. gxf7+ Rxf7 17. Ng5 Rf6 18. Qxh7+ Kf8 19. Qd3 Nb2 20. Qc2 Rb8 21.
Nh7+ Kf7 22. Nxf6 Bxf6 23. Qh7+ Bg7 24. Bxc6 cxd4 25. Qf5+ Bf6 26. Bd5+ Kg7 27. Kh1 Qh8 28.
Rg1+ Kf8 29. Rg8+ Qxg8 30. Bxg8 Kxg8 31. Rg1+ Kf7 32. Qd5+ e6 33. Qd7+ Be7 34. Rg7+ Kxg7 35. Qxe7+ Kh8 36. Qf6+ Kh7 37. Qh4+ Kg8 38. Qg3+ Kf7 39.
Qxb8 1-0

[Event "*** Titled Tuesday Blitz"]
[Site "Chess.com"]
[Date "2021.03.02"]
[Round "4"]
[White "1977Ivan"]
[Black "EvgenyT"]
[Result "1-0"]
[WhiteElo "2772"]
[BlackElo "2913"]
[TimeControl "180+1"]
[EndTime "10:39:06 PST"]
[Termination "1977Ivan won by resignation"]

1. e4 e5 2. Nf3 Nc6 3. Bc4 Bc5 4. c3 Nf6 5. d3 d6 6. Bb3 Bb6 7. Nbd2 Ne7 8. Nc4 Ng6 9. O-O O-O 10. h3 h6 11. Re1 Be6 12. d4 c6 13. dxe5 dxe5 14. Ncxe5 Nxe5 15. Nxe5 Re8 16. Bf4 Bc7 17. Qxd8 Raxd8 18.
Bxe6 Rxe6 19. Nxf7 Kxf7 20. Bxc7 Rd2 21. f3 Rxb2 22.
Reb1 Rxb1+ 23. Rxb1 b6 24. Rd1 g5 25. Kf2 c5 26. c4 Rc6 27. Bb8 a6 28. a4 Ke7 29. g4 b5 30. e5 Nd7 31. Bd6+ Ke6 32. axb5 axb5 33. cxb5 Rb6 34. Rb1 Kd5 35. Ke3 Nxe5 36.
Bxe5 Kxe5 37. Kd3 Kd5 38. Kc3 Rb8 39. Rd1+ Ke5 40. Kc4 1-0

[Event "*** Titled Tuesday Blitz"]
[Site "Chess.com"]
[Date "2021.03.02"]
[Round "4"]
[White "Sven_Tica"]
[Black "Pintacara"]
[Result "1-0"]
[WhiteElo "2662"]
[BlackElo "2488"]
[TimeControl "180+1"]
[EndTime "10:39:06 PST"]
[Termination "Sven_Tica won on time"]

1. d4 Nf6 2. c4 e6 3. g3 d5 4. Bg2 c6 5. Nf3 Nbd7 6. O-O Be7 7. Qc2 O-O 8. Nbd2 b6 9. e4 Bb7 10.
e5 Ne8 11. Re1 c5 12. cxd5 Bxd5 13. Ne4 cxd4 14. Neg5 g6 15. h4 Ng7 16. Nxd4 Rc8 17. Qd1 Bxg2 18. Kxg2 Nc5 19. Nb5 a6 20. Nd6 Qd7 21. Bf4 Bxd6 22. exd6 f6 23. Nf3 e5 24. Bh6 Rfd8 25. Qd5+ Nce6 26. Rad1 Rc6 27. Bg5 Rxd6 28. Qxd6 Qxd6 29. Rxd6 Rxd6 30. Bxf6 Rc6 31. Bxe5 Rc2 32. Rd1 Nf5 33. Rd2 Rc1 34. g4 1-0

[Event "*** Titled Tuesday Blitz"]
[Site "Chess.com"]
[Date "2021.03.02"]
[Round "4"]
[White "tk22h"]
[Black "BanjoKazooieN64"]
[Result "1/2-1/2"]
[WhiteElo "2352"]
[BlackElo "2542"]
[TimeControl "180+1"]
[EndTime "10:39:07 PST"]
[Termination "Game drawn - insufficient material"]

1. c4 Nf6 2. Nc3 g6 3. e4 d6 4. d4 Bg7 5. Be2 O-O 6. Nf3 e5 7. dxe5 dxe5 8. Qxd8 Rxd8 9. Nd5 Nxd5 10. cxd5 c6 11.
Bc4 cxd5 12. Bxd5 Nc6 13. Bg5 Re8 14. Be3 Bg4 15. Nd2 Nd4 16. Bxd4 exd4 17. f3 Bd7 18. Rc1 Rac8 19. Ke2 Bh6 20. Kd3 Bb5+ 21. Bc4 Bxd2 22. Bxb5 Bxc1 23. Bxe8 Bxb2 24. Bb5 Rc3+ 25. Kd2 Rc5 26.
Ba4 b5 27. Bb3 a5 28. a4 Rc3 29. Bc2 b4 30. Rb1 d3 31. Bxd3 Ba3 32. Bc2 Kf8 33.
Rb3 Rxb3 34. Bxb3 f6 35. Kd3 Ke7 36. Kc4 Kd6 37. Kb5 Ke5 38. Kxa5 Kd4 39. Kb5 Kc3 40. Bg8 b3 41. a5 Bc1 42. a6 Be3 43. Bxb3 Kxb3 44.
Kc6 Kc3 45. Kd6 Kd2 46. Ke6 Bd4 47. a7 Bxa7 48. Kxf6 Bd4+ 49. Kg5 Bg7 50. f4 Ke3 51. f5 Kxe4 52. fxg6 h6+ 53. Kh5 Kf5 54. g4+ Kf4 55. h4 Bf8 56. g5 hxg5 57. hxg5 Kf5 58. g7 Bxg7 59. g6 Kf6 60. Kh4 Kxg6 1/2-1/2

[Event "*** Titled Tuesday Blitz"]
[Site "Chess.com"]
[Date "2021.03.02"]
[Round "4"]
[White "stasiek18"]
[Black "lacafi"]
[Result "1-0"]
[WhiteElo "2401"]
[BlackElo "2172"]
[TimeControl "180+1"]
[EndTime "10:39:07 PST"]
[Termination "stasiek18 won by resignation"]

1. e4 c6 2. Nf3 d5 3. Nc3 dxe4 4.
Nxe4 Nf6 5. Ng3 e6 6. d4 Bd6 7.
Bd3 O-O 8. Qe2 h6 9. Bd2 b5 10. Ne4 Nxe4 11. Qxe4 f5 12. Qe2 a5 13. O-O Na6 14. c3 Nc7 15. Ne5 Qe8 16. Rfe1 Nd5 17. a4 bxa4 18. Rxa4 c5 19. Bb5 Qd8 20. Qh5 cxd4 21.
Rxd4 Qf6 22. Nd7 Qf7 23. Qxf7+ Kxf7 24. Nxf8 Bxf8 25. Bc6 Rb8 26. Bxd5 exd5 27. b4 axb4 28. cxb4 Be6 29. Rc1 g5 30. h4 Kf6 31. hxg5+ hxg5 32. Rc6 Be7 33. Bxg5+ Ke5 34. Bxe7 Kxd4 35. Rxe6 1-0